 Dungeon Sprint DCSS version 0.29.1-2-gbd0b4ee654 (webtiles) character file.

Game seed: 6098658782690174637

623 boopmooplesden the Carver (level 7, -1/111 HPs)
             Began as a Minotaur Berserker on Nov 29, 2022.
             Was a Believer of Trog.
             Slain by a centaur warrior (5 damage)
             ... in the Dungeon (Sprint I: "Red Sonja").
             The game lasted 00:01:17 (1164 turns).

boopmooplesden the Carver (Minotaur Berserker)      Turns: 1164, Time: 00:01:18

Health: -1/111     AC:  8    Str: 23    XL:     7   Next: 22%
Magic:  6/6        EV: 12    Int:  4    God:    Trog [**....]
Gold:   309        SH:  0    Dex: 10    Spells: 6/6 levels left

rFire   . . .      SeeInvis .   j - +4 club
rCold   . . .      Faith    .   (no shield)
rNeg    . . .      Spirit   .   k - +2 ring mail {rPois}
rPois   +          Reflect  .   (helmet restricted)
rElec   .          Harm     .   (no cloak)
rCorr   .          Rampage  .   (no gloves)
Will    .....      NoTele   +   (no boots)
Stlth   ..........              (no amulet)
HPRegen 0.28/turn               (no ring)
MPRegen 0.10/turn               (no ring)

@: berserking (expiring), very quick
A: horns 2, retaliatory headbutt
a: Renounce Religion, Berserk, Trog's Hand


You were in the Dungeon.
You worshipped Trog.
Trog was pleased with you.
You visited 1 branch You collected 309 gold pieces.

Inventory:

Hand Weapons
 a - a +0 falchion
 j - a +4 club (weapon)
Armour
 b - a +0 animal skin
 k - a +2 ring mail of poison resistance (worn)
Wands
 i - a wand of digging (6)
 l - a wand of polymorph (10)
Scrolls
 h - a scroll of blinking
Potions
 c - a potion of curing
 d - 2 potions of heal wounds
 e - a potion of haste
 f - 2 potions of magic
 g - a potion of berserk rage


   Skills:
 + Level 11.3 Fighting
 + Level 11.7 Long Blades
 + Level 4.5 Maces & Flails
 + Level 7.0 Armour
 + Level 5.8 Dodging
 + Level 3.0 Unarmed Combat


You had 6 spell levels left.
You didn't know any spells.
Your spell library was empty.

Dungeon Overview and Level Annotations

Branches:
Dungeon (1/1)

Altars:
Cheibriados
Dithmenos
Elyvilon
Fedhas
Gozag
Hepliaklqana
Kikubaaqudgha
Makhleb
Nemelex Xobeh
Okawaru
Qazlal
Ru
Sif Muna
Trog
Uskayaw
Vehumet
Wu Jian
Xom
Yredelemnul
Zin
The Shining One
Jiyva
Lugonu

Shops:
D !


Innate Abilities, Weirdness & Mutations

You have a pair of horns on your head.
You reflexively headbutt those who attack you in melee.


Message History

* * * LOW HITPOINT WARNING * * *
The centaur warrior closely misses you. The centaur warrior barely misses you.
You thump the centaur warrior!
The centaur warrior is heavily wounded.
The centaur warrior hits you.
* * * LOW HITPOINT WARNING * * *
The centaur warrior kicks you but does no damage.
The centaur warrior hits you.
* * * LOW HITPOINT WARNING * * *
The centaur warrior kicks you but does no damage.
You completely miss the centaur warrior.
The centaur warrior is heavily wounded.
The centaur warrior hits you.
* * * LOW HITPOINT WARNING * * *
The centaur warrior kicks you.
* * * LOW HITPOINT WARNING * * *
The centaur warrior misses you. The centaur warrior kicks you.
* * * LOW HITPOINT WARNING * * *
You sock the centaur warrior!
The centaur warrior is severely wounded.
The centaur warrior hits you!
* * * LOW HITPOINT WARNING * * *
The centaur warrior kicks you but does no damage.
The centaur warrior hits you.
* * * LOW HITPOINT WARNING * * *
The centaur warrior kicks you.
* * * LOW HITPOINT WARNING * * *
You sock the centaur warrior!
The centaur warrior is almost dead.
The centaur warrior hits you but does no damage.
The centaur warrior kicks you.
* * * LOW HITPOINT WARNING * * *
The centaur warrior completely misses you.
The centaur warrior barely misses you.
You hit the centaur warrior but do no damage.
You headbutt the centaur warrior!
You kill the centaur warrior!
Trog accepts your kill. The centaur warrior hits you.
You die...

###############
..').#..'..#__#
..#..').#..'..+
####'#####'#__####
###..#...#.####)!#
__####..##§#§§§§c#
_____##'#§.§§~§§@+
_.∩...'..§§#~~§§§#
_..__##_.#'##+####
_____###+#[#
###### ###


You could see a centaur warrior.

Vanquished Creatures
  A centaur warrior (D)
  A slime creature (D)
  Sigmund (D)
  A yak (D)
  An ogre (D)
  A jelly (D)
  Ijyb (D)
7 creatures vanquished.

Notes
Turn   | Place    | Note
-------+----------+-------------------------------------------
     0 | D        | boopmooplesden the Minotaur Berserker began the quest for
                  | the Orb.
     0 | D        | Reached XP level 1. HP: 19/19 MP: 0/0
     3 | D        | Noticed Ijyb
     7 | D        | Killed Ijyb
     8 | D        | Reached skill level 5 in Fighting
     8 | D        | Reached skill level 5 in Long Blades
     8 | D        | Reached XP level 2. HP: 29/29 MP: 1/1
   243 | D        | Noticed an ogre
   245 | D        | Killed an ogre
   246 | D        | Reached XP level 3. HP: 39/39 MP: 2/2
   246 | D        | Reached XP level 4. HP: 47/47 MP: 3/3
   385 | D        | Noticed Sigmund
   400 | D        | Killed Sigmund
   400 | D        | Reached ** piety under Trog
   401 | D        | Reached skill level 10 in Long Blades
   401 | D        | Reached skill level 1 in Maces & Flails
   401 | D        | Reached skill level 5 in Armour
   401 | D        | Reached skill level 1 in Unarmed Combat
   401 | D        | Reached XP level 5. HP: 47/57 MP: 4/4
   401 | D        | Reached XP level 6. HP: 53/64 MP: 5/5
   723 | D        | Found a shimmering blue altar of Sif Muna.
   724 | D        | Found an ornate altar of the Wu Jian Council.
   725 | D        | Found a burning altar of Makhleb.
   725 | D        | Found a viscous altar of Jiyva.
   725 | D        | Found a shimmering altar of Xom.
   725 | D        | Found a corrupted altar of Lugonu.
   725 | D        | Noticed a slime creature
   731 | D        | Killed a slime creature
   732 | D        | Reached skill level 10 in Fighting
   732 | D        | Reached skill level 5 in Dodging
   745 | D        | Found a radiant altar of Vehumet.
   831 | D        | Found Arghet's Distillery.
   831 | D        | Found an ancient bone altar of Kikubaaqudgha.
   831 | D        | Found a hazy altar of Hepliaklqana.
   831 | D        | Found a hide-covered altar of Uskayaw.
   831 | D        | Found a basalt altar of Yredelemnul.
   831 | D        | Found an opulent altar of Gozag.
   831 | D        | Found a snail-covered altar of Cheibriados.
   831 | D        | Found a sacrificial altar of Ru.
   831 | D        | Found a shadowy altar of Dithmenos.
   831 | D        | Noticed a yak
   836 | D        | Killed a yak
   837 | D        | Reached XP level 7. HP: 58/74 MP: 6/6
   837 | D        | Found a stormy altar of Qazlal.
   837 | D        | Found a blossoming altar of Fedhas.
   837 | D        | Found a bloodstained altar of Trog.
   837 | D        | Found an iron altar of Okawaru.
   837 | D        | Found a glowing golden altar of the Shining One.
   837 | D        | Found a glowing silver altar of Zin.
   837 | D        | Found a white marble altar of Elyvilon.
   838 | D        | Found a sparkling altar of Nemelex Xobeh.
  1151 | D        | Noticed a centaur warrior
  1152 | D        | Noticed a centaur warrior
  1163 | D        | HP: 4/111 [centaur warrior (3)]
  1164 | D        | Killed a centaur warrior
  1164 | D        | Slain by a centaur warrior

Illustrated notes

Levels and vault maps discovered:
D:        dungeon_sprint_1 [red_sonja_temple_1, red_sonja_temple_small_1]

Skill      XL: |  1  2  3  4  5  6 |
---------------+-------------------+-----
Fighting       | 5 7 9 11 | 11.3
Long Blades    | 5 7 10 11 | 11.7
Armour         | 3 4 5 7 |  7.0
Dodging        | 3 4 5 |  5.8
Maces & Flails | 1 4 |  4.5
Unarmed Combat | 1 3 |  3.0

Action                   |  1- 3 |  4- 6 |  7- 9 || total
-------------------------+-------+-------+-------++-------
Melee: Falchion          |     3 |       |       ||     3
       Club              |     2 |    15 |     9 ||    26
       Unarmed           |       |    12 |       ||    12
       Headbutt          |       |     6 |     1 ||     7
       Punch             |       |       |     1 ||     1
Invok: Berserk           |     2 |     1 |     1 ||     4
  Use: Scroll            |       |       |     1 ||     1
Armor: Ring mail         |       |     3 |    15 ||    18
Dodge: Dodged            |     3 |     8 |     9 ||    20
